 Dungeon Crawl Stone Soup version 0.29.1-15-g9cfb28693d (webtiles) character file.

Game seed: 10191322733997864784

88 zeram the Shooter (level 4, -3/22 HPs)
             Began as a Spriggan Hunter on Apr 10, 2023.
             Slain by a goblin
             ... wielding a +0 club
             ... led by Robin
              (6 damage)
             ... on level 2 of the Dungeon.
             The game lasted 00:02:27 (1578 turns).

zeram the Shooter (Spriggan Hunter)                 Turns: 1578, Time: 00:02:28

Health: -3/22      AC:  3    Str:  7    XL:     4   Next: 29%
Magic:  5/5        EV: 18    Int: 12    God:
Gold:   54         SH:  0    Dex: 18    Spells: 3/3 levels left

rFire   . . .      SeeInvis +   a - +0 shortbow
rCold   . . .      Faith    .   (shield currently unavailable)
rNeg    . . .      Spirit   .   c - +0 robe
rPois   .          Reflect  .   (helmet restricted)
rElec   .          Harm     .   g - +0 cloak
rCorr   .          Rampage  .   (gloves unavailable)
Will    .....                   (boots unavailable)
Stlth   ++........              (no amulet)
HPRegen 0.07/turn               (no ring)
MPRegen 0.09/turn               (no ring)

@: very quick
A: very small, no large weapons, unfitting armour, see invisible, speed 3
a: no special abilities


You were on level 2 of the Dungeon.
You visited 1 branch of the dungeon, and saw 2 of its levels.

You collected 54 gold pieces.

Inventory:

Hand Weapons
 a - a +0 shortbow (weapon)
 k - a +3 short sword of speed
Armour
 c - a +0 robe (worn)
 g - a +0 cloak (worn)
Jewellery
 h - a ring of fire
Scrolls
 b - a scroll of immolation
 e - 3 scrolls of identify
 i - a scroll of torment
 m - a scroll of acquirement {unknown}
 o - a scroll of blinking {unknown}
Potions
 f - 2 potions of curing {unknown}
 j - a potion of attraction {unknown}
 l - a potion of mutation {unknown}
 n - a potion of might {unknown}


   Skills:
 - Level 1.5 Fighting
 + Level 5.8 Ranged Weapons
 + Level 2.8 Dodging
 - Level 1.5 Stealth


You had 3 spell levels left.
You didn't know any spells.
Your spell library contained the following spells:

 Spells                   Type           Power      Damage    Failure   Level
 Necrotise                Necr           0%         1d4       32%         1
 Portal Projectile        Hex/Tloc       0%         N/A       69%         3
 Tukima's Dance           Hex            0%         N/A       69%         3
 Vampiric Draining        Necr           0%         2d6       69%         3
 Passage of Golubria      Tloc           0%         N/A       97%         4
 Agony                    Necr           0%         N/A       100%        5
 Blade Hands              Tmut           0%         N/A       100%        5
 Yara's Violent Unravell  Hex/Tmut       0%         3d3       100%        5


Dungeon Overview and Level Annotations

Branches:
Dungeon (2/15)

Altars:
Fedhas

Annotations:
D:2 Robin


Innate Abilities, Weirdness & Mutations

You are very small and have problems with some larger weapons.
You are too small for most types of armour.
You have supernaturally acute eyesight. (SInv)
You cover ground extremely quickly. (Speed+++)


Message History

You kill the goblin!
Robin roars a battlecry!
The goblins go into a battle-frenzy!
You shoot an arrow. The arrow closely misses the goblin. x2
The arrow closely misses the adder.
The arrow hits the hobgoblin.
The hobgoblin is almost dead.
You shoot an arrow. The arrow hits the goblin!
You kill the goblin!
The goblin misses you.
You shoot an arrow. The arrow misses the goblin.
The arrow hits the adder.
The adder is heavily wounded.
Robin throws the goblin at you! The goblin hits you with a +0 club.
The goblin misses you.
You are too injured to fight recklessly!
You are too injured to fight recklessly!
Unknown command.
Fire: a) +0 shortbow
Press: ? - help, Q - select action Shift-Dir - straight line, f/p - goblin
Aim: a goblin, wielding a +0 club (strong, 56% to hit)
You shoot an arrow. The arrow closely misses the goblin.
The arrow hits the adder.
The adder is severely wounded.
The goblin barely misses you. The goblin hits you but does no damage.
Really attack while wielding your +0 shortbow? [Y]es or [N]o only, please.
Really attack while wielding your +0 shortbow? [Y]es or [N]o only, please.
Really attack while wielding your +0 shortbow?
Okay, then.
As you read the scroll labelled PUTYWNUPNU, it crumbles to dust.
It is a scroll of identify.
i - a scroll of torment The goblin hits you with a +0 club.
* * * LOW HITPOINT WARNING * * *
The goblin hits you but does no damage.
As you read the scroll labelled EGUMARECAA, it crumbles to dust.
It is a scroll of enchant weapon.
Your +2 short sword of speed glows red for a moment.
The goblin misses you. The goblin hits you with a +0 club.
You die...

#....# #.#####g #.. #....#
#.#.#.. #.. #....#
#.#...########### #..
#....###[#>)...........# #..
#........#...g########.## #.#
#.###########g# #..# #.#
#...........#S#########.####)#
####)#########.#g#..............#
......# #.#@#.....[###.#####
####..########.#g#......'........
#.............#......###.#####
##.########.###......# #..#
####.............#......####.####
............##.#.#...............
............##.#.#.......###.[.##
............##.#.#.###.#.#.......
............##.#...# #.#......#.#


You could see Robin, an adder, a hobgoblin (strong) and 2 goblins.

Vanquished Creatures
  4 adders (D:2)
  3 dart slugs
  2 endoplasms (D:2)
  A giant cockroach (D:2)
  10 goblins
  2 hobgoblins (D:2)
  4 jackals (D:2)
  A quokka (D:2)
  3 ball pythons
  4 bats
  4 frilled lizards
  5 kobolds
  A rat (D:1)
44 creatures vanquished.

Notes
Turn   | Place    | Note
-------+----------+-------------------------------------------
     0 | D:1      | zeram the Spriggan Hunter began the quest for the Orb.
     0 | D:1      | Reached XP level 1. HP: 10/10 MP: 2/2
   304 | D:1      | Reached XP level 2. HP: 14/14 MP: 3/3
   489 | D:1      | Found a faded altar of an unknown god.
   712 | D:2      | Reached skill level 5 in Ranged Weapons
   712 | D:2      | Reached XP level 3. HP: 17/18 MP: 4/4
  1049 | D:2      | Found a blossoming altar of Fedhas.
  1078 | D:2      | Reached XP level 4. HP: 22/22 MP: 5/5
  1559 | D:2      | Identified the +2 helmet of Jigsaw {+Blink Fly}
  1559 | D:2      | Noticed Robin
  1578 | D:2      | Slain by a goblin

Illustrated notes

Levels and vault maps discovered:
D:1:      dpeg_arrival_concentric_ovals, layout_loops_ring,
          dreamdust_ecumenical_altar_hidden_monk_grotto, minmay_tromino_i2
D:2:      layout_basic, basic_altar, uniq_robin

Skill      XL: |  1  2 |
---------------+-------+-----
Ranged Weapons | 5 |  5.8
Fighting       | |  1.5
Dodging        | |  2.8
Stealth        | |  1.5

Action                   |  1- 3 |  4- 6 || total
-------------------------+-------+-------++-------
 Fire: Shortbow          |    81 |    37 ||   118
  Use: Scroll            |       |     2 ||     2
Armor: Robe              |     1 |     9 ||    10
Dodge: Dodged            |    11 |    33 ||    44
